Map: Zen LE

Players

Maru

  • Race: Terran Terran
  • Spawn Location: 1:00

Rogue - Winner!

  • Race: Zerg Zerg
  • Spawn Location: 7:00

Event: IEM Katowice 2020

VOD

Have the link to the VOD?

Description

Time

  • Played on: March 1, 2020, 6:13 a.m.
  • Length: 14:42

All games in this series

Show
View Real Time Build Order
Export as new Build Order

Maru Terran 

Build Orders: 2 Factory, Hellion Opening, Reaper Expand 

Get SALT Encoding   

  12  0:00  SCV  
  13  0:12  SCV  
  14  0:17  Supply Depot  
  14  0:24  SCV  
  15  0:38  SCV  
  15  0:40  Barracks  
  16  0:43  Refinery  
  16  0:50  SCV  
  17  1:02  SCV  
  18  1:15  SCV  
  19  1:27  Reaper, Orbital Command  
  20  1:40  Command Center  
  20  1:53  SCV  
  21  1:54  Supply Depot  
  21  1:59  Marine  
  22  2:05  SCV  
  23  2:09  Factory  
  23  2:15  Refinery  
  23  2:17  SCV  
  23  2:20  Barracks Reactor  
  24  2:29  SCV  
  25  2:41  SCV  
  26  2:52  Factory  
  26  2:53  SCV, Orbital Command  
  27  3:01  Hellion  
  27  3:03  Hellion  
  31  3:06  SCV  
  31  3:09  Starport  
  32  3:19  SCV x2  
  34  3:21  Supply Depot  
  34  3:26  Hellion  
  36  3:28  Hellion  
  36  3:31  SCV  
  39  3:35  Factory Tech Lab  
  39  3:36  SCV  
  40  3:43  Marine, SCV  
  40  3:45  Viking  
  44  3:53  Infernal Pre-Igniter  
  44  3:56  Hellion x2  
  44  3:59  Supply Depot  
  44  4:00  SCV  
  49  4:04  Hellion  
  49  4:07  Marine  
  49  4:09  SCV  
  53  4:19  Armory  
  53  4:21  Hellion x2  
  57  4:25  Hellion  
  57  4:27  Supply Depot  
  57  4:31  Medivac  
  61  4:36  SCV  
  62  4:49  SCV, Hellion x3  
  62  4:52  SCV  
  70  4:55  Supply Depot  
  70  5:14  Command Center  
  70  5:15  SCV x2  
  70  5:17  Hellion x2  
  70  5:18  Hellion  
  72  5:27  SCV x2  
  62  5:38  Hellion x2  
  62  5:39  SCV, Hellion  
  62  5:42  SCV  
  68  5:45  Barracks Tech Lab  
  54  5:51  SCV  
  54  5:54  SCV  
  51  5:59  Hellion x2  
  51  6:01  Supply Depot, Hellion  
  51  6:03  Medivac  
  59  6:09  SCV x2  
  55  6:21  SCV  
  55  6:22  Marine, Stimpack  
  55  6:27  Orbital Command  
  55  6:32  SCV, Barracks x2  
  54  6:34  Hellion  
  54  6:38  SCV  
  57  6:40  Factory Tech Lab  
  57  6:41  Refinery  
  57  6:42  Refinery  
  57  6:44  SCV  
  57  6:45  Engineering Bay  
  57  6:46  Engineering Bay  
  58  6:48  Marine  
  58  6:50  SCV  
  60  6:59  SCV x2, Barracks  
  60  7:00  Barracks  
  60  7:01  Siege Tank  
  65  7:02  SCV, Starport Reactor  
  64  7:09  Orbital Command  
  64  7:10  Marine  
  64  7:11  SCV  
  64  7:14  SCV  
  67  7:20  Barracks Reactor  
  67  7:23  SCV  
  67  7:27  SCV, Marine x2  
  67  7:28  Terran Infantry Weapons Level 1, Marauder, Terran Infantry Armor Level 1  
  73  7:34  Siege Tank  
  76  7:39  SCV  
  76  7:43  Barracks  
  77  7:44  Barracks  
  77  7:45  Marine  
  77  7:46  SCV  
  75  7:52  Barracks Reactor  
  75  7:53  Marine, Barracks Reactor, Marauder  
  75  7:54  SCV x2  
  81  7:58  SCV  
  81  8:00  Medivac  
  81  8:02  Marine  
  81  8:04  Medivac  
  86  8:06  SCV x2  
  86  8:10  SCV  
  86  8:11  Marine  
  86  8:12  Hellion  
  92  8:14  Marine  
  92  8:15  Supply Depot x2  
  92  8:16  Combat Shield  
  92  8:18  SCV, Hellion  
  92  8:19  SCV  
  97  8:20  Marine x3  
  97  8:24  Supply Depot  
  100  8:30  Marine  
  101  8:36  Marine x6  
  101  8:39  Supply Depot  
  107  8:42  Medivac, Factory Tech Lab, Siege Tank  
  107  8:46  Supply Depot  
  107  8:47  Medivac  
  114  8:50  Marine x3  
  117  8:56  Barracks Tech Lab x2  
  117  9:00  Supply Depot  
  113  9:05  Marine x3, Marauder  
  117  9:10  Supply Depot, Siege Tank  
  117  9:13  Orbital Command  
  117  9:15  Marine, Marauder x2  
  125  9:24  Marine x2  
  123  9:27  Marine x2  
  123  9:29  Marauder  
  113  9:34  Medivac x2  
  113  9:38  Marine x2, Marauder  
  109  9:41  Marauder  
  99  9:47  Marine  
  99  9:50  Marauder  
  94  9:54  SCV  
  94  9:57  Marine  
  87  10:00  Marauder  
  87  10:02  Marauder  
  87  10:04  Marine x2  
  87  10:05  Marine  
  78  10:08  Marine  
  78  10:12  Marauder  
  78  10:14  Marine  
  78  10:16  Medivac  
  78  10:17  Marine  
  78  10:20  SCV  
  79  10:21  Marauder  
  79  10:24  Marine  
  79  10:25  Marauder  
  78  10:32  Medivac  
  78  10:33  SCV x3  
  83  10:43  Marine x2, Marauder  
  83  10:45  SCV x2, Concussive Shells  
  83  10:47  SCV  
  90  10:52  Supply Depot  
  90  10:53  Marine, Marauder  
  90  10:55  Marine  
  90  10:56  Marine  
  95  10:58  SCV x2  
  95  11:00  SCV  
  98  11:04  Siege Tank  
  98  11:06  Marine  
  98  11:07  Marauder  
  104  11:11  Marine  
  104  11:12  Marauder  
  104  11:13  SCV  
  104  11:16  Marine x2  
  107  11:18  SCV  
  107  11:20  Marine x2  
  107  11:24  Marine  
  107  11:28  Marine  
  107  11:30  Marine  
  100  11:33  Marauder  
  100  11:34  Marine  
  100  11:38  Marauder  
  100  11:39  Marine x2  
  100  11:42  Medivac  
  100  11:44  SCV  
  100  11:46  Marauder  
  92  11:48  Marine  
  92  11:50  SCV x2  
  92  11:52  Marine  
  96  11:55  Marauder  
  96  11:58  Marine x2  
  96  11:59  Marine  
  96  12:00  Marauder  
  103  12:02  Medivac  
  103  12:08  Marauder  
  107  12:09  Terran Infantry Weapons Level 2  
  107  12:10  SCV  
  107  12:13  Terran Infantry Armor Level 2  
  108  12:16  SCV x2  
  108  12:20  Marine  
  108  12:21  Marauder  
  113  12:29  Marine x2  
  113  12:30  Marauder x2  
  113  12:31  Marine  
  113  12:34  Marine  
  98  12:38  Marine  
  93  12:45  SCV  
  93  12:46  SCV  
  93  12:49  Marine  
  96  12:56  Marine x2  
  96  12:57  Marine  
  99  13:10  Marine, Siege Tank  
  99  13:12  Marine  
  104  13:19  Marine  
  104  13:20  Marine  
  106  13:27  Supply Depot  
  106  13:41  Marine x2, Marauder  
  105  13:43  Orbital Command  
  105  13:47  Marine  
  101  13:54  Marine  
  98  13:57  SCV  
  98  14:00  SCV  
  100  14:06  Marine  
  95  14:16  Marine  
  94  14:18  SCV  
Show
View Real Time Build Order
Export as new Build Order

Rogue Zerg - Winner!

Build Orders: Hatch First 

Get SALT Encoding   

  12  0:00  Drone  
  13  0:12  Overlord  
  13  0:17  Drone  
  14  0:31  Drone x2  
  16  0:48  Hatchery  
  15  0:51  Drone  
  15  0:54  Drone  
  17  0:57  Drone  
  18  1:08  Extractor  
  17  1:13  Spawning Pool  
  17  1:17  Drone  
  17  1:20  Drone  
  18  1:28  Drone  
  19  1:41  Drone  
  20  1:50  Drone  
  21  1:59  Queen x2  
  21  2:00  Zergling x4  
  27  2:10  Overlord  
  27  2:12  Drone  
  28  2:21  Extractor  
  27  2:23  Drone  
  27  2:29  Drone  
  29  2:32  Hatchery  
  29  2:33  Extractor  
  28  2:41  Drone x2  
  31  2:45  Metabolic Boost  
  31  2:47  Drone x2  
  33  2:53  Queen  
  33  2:58  Overlord  
  35  2:59  Drone  
  36  3:16  Drone x6  
  36  3:18  Queen  
  44  3:21  Overlord  
  44  3:40  Drone  
  44  3:41  Drone x6  
  48  3:44  Queen  
  48  3:45  Overlord  
  53  3:53  Zergling x4  
  55  3:55  Queen  
  55  3:58  Drone  
  55  4:01  Overlord  
  58  4:02  Evolution Chamber  
  58  4:05  Evolution Chamber  
  56  4:11  Drone  
  56  4:12  Drone x4  
  56  4:15  Overlord  
  62  4:17  Drone  
  62  4:22  Overlord  
  62  4:23  Queen  
  64  4:29  Zergling x4  
  64  4:30  Spore Crawler, Overlord  
  65  4:35  Extractor  
  64  4:39  Overlord  
  64  4:40  Drone x2  
  64  4:41  Drone  
  64  4:43  Drone  
  68  4:48  Roach Warren  
  68  4:49  Zerg Missile Weapons Level 1  
  67  4:55  Evolution Chamber  
  67  4:57  Evolution Chamber  
  67  4:58  Evolution Chamber  
  63  5:02  Overlord  
  63  5:06  Spine Crawler  
  62  5:08  Queen  
  62  5:09  Queen  
  62  5:10  Zergling x2  
  62  5:12  Zergling x10  
  72  5:16  Evolution Chamber  
  71  5:25  Zergling x16  
  74  5:31  Evolution Chamber  
  74  5:34  Queen  
  70  5:39  Zergling x2, Roach Warren  
  70  5:40  Zergling x4  
  64  5:50  Queen x2  
  68  5:57  Drone x5  
  68  6:00  Drone  
  72  6:10  Queen  
  71  6:17  Drone x5  
  72  6:20  Drone  
  72  6:24  Drone  
  70  6:31  Spore Crawler  
  70  6:32  Lair  
  69  6:37  Drone x3  
  69  6:39  Drone  
  73  6:41  Drone  
  73  6:45  Spore Crawler, Drone  
  74  6:48  Zerg Ground Armor Level 1  
  74  6:51  Extractor  
  74  6:52  Extractor x2  
  71  6:55  Drone  
  71  6:56  Extractor, Drone x5  
  71  7:00  Drone x3  
  79  7:09  Zergling x6  
  79  7:15  Overlord  
  82  7:17  Drone x2  
  84  7:24  Drone x2, Overlord  
  84  7:27  Roach  
  84  7:28  Roach x4  
  96  7:33  Glial Reconstitution  
  96  7:34  Overseer  
  96  7:36  Roach  
  96  7:37  Roach  
  100  7:38  Overlord x2  
  99  7:46  Roach x3  
  99  7:49  Roach  
  104  7:55  Zerg Missile Weapons Level 2  
  104  7:56  Roach x6  
  104  7:58  Overlord  
  115  8:07  Roach x2  
  115  8:08  Nydus Network, Roach  
  115  8:09  Overseer  
  115  8:11  Overlord  
  120  8:16  Overlord x2  
  120  8:28  Roach x4, Overlord  
  120  8:29  Overlord  
  120  8:32  Ravager x4  
  132  8:37  Roach x2  
  132  8:39  Roach  
  132  8:40  Roach  
  140  8:42  Roach  
  140  8:43  Roach  
  144  8:49  Roach x2  
  144  8:50  Roach x2  
  152  8:57  Roach x3  
  152  8:59  Roach  
  159  9:04  Overlord  
  159  9:05  Overlord  
  159  9:09  Roach x3  
  165  9:17  Overlord  
  165  9:18  Zerg Ground Armor Level 2  
  165  9:23  Nydus Canal  
  138  9:32  Roach x5  
  138  9:33  Roach  
  138  9:34  Roach  
  138  9:37  Roach  
  142  9:40  Roach  
  142  9:43  Roach x2  
  135  9:49  Roach x2  
  125  9:55  Roach  
  125  9:57  Roach  
  120  10:02  Roach  
  110  10:07  Roach  
  110  10:11  Roach x3  
  106  10:16  Roach  
  106  10:17  Roach  
  106  10:19  Drone x2  
  104  10:26  Drone x3  
  96  10:30  Drone  
  96  10:35  Drone x4  
  99  10:43  Ravager x8  
  99  10:44  Ravager  
  108  10:52  Drone  
  109  10:57  Roach x4  
  117  11:06  Hatchery  
  116  11:14  Zergling x12  
  107  11:21  Roach  
  107  11:22  Roach x2  
  101  11:32  Roach x5  
  105  11:35  Roach  
  101  11:41  Roach  
  101  11:42  Roach x2  
  101  11:50  Roach x4  
  101  11:52  Ravager  
  101  11:53  Ravager x2  
  114  11:54  Roach  
  114  11:58  Ravager x6  
  114  12:01  Zergling x4  
  121  12:03  Roach  
  126  12:08  Roach  
  126  12:09  Roach  
  126  12:13  Roach x2  
  132  12:16  Zergling x2  
  132  12:21  Roach  
  132  12:22  Roach  
  137  12:23  Roach  
  137  12:27  Roach  
  140  12:35  Roach x4  
  131  12:41  Roach  
  115  12:48  Ravager x6  
  115  12:49  Roach  
  115  12:50  Zergling x4  
  125  12:52  Roach  
  125  12:53  Roach  
  125  12:55  Roach  
  125  12:56  Roach  
  133  13:02  Roach  
  133  13:03  Roach  
  135  13:05  Ravager  
  135  13:07  Queen x2  
  135  13:10  Zergling x2  
  135  13:11  Zergling x2  
  135  13:12  Zergling x2  
  142  13:15  Roach  
  144  13:20  Roach x2  
  148  13:27  Roach x2  
  148  13:29  Roach x3  
  150  13:37  Roach  
  150  13:38  Roach x3  
  157  13:42  Roach  
  157  13:45  Roach  
  160  13:50  Roach x3  
  166  13:57  Roach x3  
  172  14:07  Roach  
  172  14:08  Roach x4  
  172  14:09  Roach  
  180  14:12  Ravager x4  
  180  14:14  Zergling x2  
  185  14:20  Ravager  
  185  14:21  Zergling x10  
  191  14:24  Zergling x2  

Tags
 
Add a new tag
Caveats
  • Supply blocks, unpowered buildings, or Contaminate may cause inaccurate times.
  • Supply counts are checked every 10 seconds.